 Dungeon Crawl Stone Soup version 0.30-a0-918-g0ff054e9dc (webtiles) character file.

Game seed: 6631756157555860315

79 cforsyth the Covered (level 4, -2/35 HPs)
             Began as a Human Fighter on Mar 20, 2023.
             Slain by Terence
             ... wielding a +5 mace of holy wrath
              (6 damage)
             ... on level 3 of the Dungeon.
             The game lasted 00:02:46 (2398 turns).

cforsyth the Covered (Human Fighter)                Turns: 2398, Time: 00:02:47

Health: -2/35      AC:  6    Str: 18    XL:     4   Next: 64%
Magic:  4/4        EV:  9    Int:  9    God:
Gold:   89         SH:  4    Dex: 12    Spells: 3/3 levels left

rFire   . . .      SeeInvis .    a - +0 flail
rCold   . . .      Faith    .    c - +0 buckler
rNeg    . . .      Spirit   .    b - +0 scale mail
rPois   +          Reflect  .    (no helmet)
rElec   .          Rampage  .    (no cloak)
rCorr   .                        (no gloves)
Will    .....                    (no boots) Stlth
                                 (no amulet)
HPRegen 0.25/turn                e - ring of flight
MPRegen 0.09/turn                o - ring of poison resistance

@: flying
A: no striking features
a: no special abilities


You were on level 3 of the Dungeon.
You visited 1 branch of the dungeon, and saw 3 of its levels.

You collected 89 gold pieces.

Inventory:

Hand Weapons
 a - a +0 flail (weapon)
Armour
 b - a +0 scale mail (worn)
 c - a +0 buckler (worn)
Jewellery
 e - a ring of flight (left hand)
 l - a ring of ice
 o - a ring of poison resistance (right hand)
Scrolls
 i - 2 scrolls of identify
 k - a scroll of enchant weapon {unknown}
 m - a scroll of teleportation {unknown}
 p - a scroll of enchant armour {unknown}
 q - a scroll of magic mapping {unknown}
 r - a scroll of noise {unknown}
Potions
 d - a potion of might
 f - 2 potions of mutation {unknown}
 g - 2 potions of attraction
 j - a potion of cancellation {unknown}
 n - a potion of degeneration {unknown}
 s - a potion of curing {unknown}
 t - a potion of berserk rage {unknown}
 u - a potion of magic {unknown}


   Skills:
 + Level 3.5 Fighting
 + Level 2.8 Maces & Flails
 + Level 3.6 Armour
 + Level 3.5 Shields


You had 3 spell levels left.
You didn't know any spells.
Your spell library was empty.

Dungeon Overview and Level Annotations

Branches:
Dungeon (3/15)

Altars:
Wu Jian

Annotations:
D:3 Grinder, Terence


Message History

The orc closely misses you. You block the goblin's attack.
Grinder blinks!
Terence drinks a potion.
Terence flickers and vanishes!
Deactivating autopickup; reactivate with Ctrl-A.
The orc hits you with a +0 short sword. The goblin hits you with a +0 dagger.
The orc closely misses you.
You hit the orc but do no damage. The orc hits you with a +0 short sword.
The orc hits you but does no damage. You block the goblin's attack.
You completely miss the orc. The orc barely misses you.
The orc hits you with a +0 hand axe. The goblin hits you but does no damage.
Grinder grins, showing sharp teeth.
You closely miss the orc. You block the orc's attack.
The orc hits you with a +0 hand axe.
Grinder says, "You look like you could use a good racking."
The goblin hits you but does no damage. The orc hits you with a +0 hand axe.
The goblin hits you but does no damage. The orc hits you but does no damage.
You are too injured to fight recklessly!
You are too injured to fight recklessly!
The goblin attacks as you move away! You block the goblin's attack.
The orc attacks as you move away! The orc hits you with a +0 hand axe.
The orc hits you but does no damage. The orc attacks as you move away!
The orc hits you with a +0 hand axe.
* * * LOW HITPOINT WARNING * * *
The adder bites you.
* * * LOW HITPOINT WARNING * * *
The goblin attacks as you move away! You block the goblin's attack.
The orc attacks as you move away! The orc barely misses you.
You block the adder's attack.
As you read the scroll labelled NEIM QUHUDE, it crumbles to dust.
It is a scroll of identify.
g - 2 potions of attraction The adder bites you.
* * * LOW HITPOINT WARNING * * *
The adder bites you but does no damage. The goblin hits you but does no damage.
As you read the scroll labelled TOQ RUF GIAVUU, it crumbles to dust.
Your body is wracked with pain!
* * * LOW HITPOINT WARNING * * *
Something is bathed in an unholy light!
The adder convulses!
The goblin convulses!
The orc convulses! x2; It was a scroll of torment.
The adder bites you but does no damage. Something hits you.
You die...

.>... .#..... ...#..#
....# ....#.. .#...#
..... .#....?#)..#.#
...#.#.......#.#5......#
..... ..#.#.......#.#.##
..#.).#.(...#...#5....#
#...#....#....#.oo.#..#
# #...#.....#..g#So...#
###.....#.#...#.@.#.#.#
............###.......#
###..................##
............##########
............#
###.........#
............#
###.........#
#.........###########


You could see Grinder, an adder (summoned), 2 orcs and a goblin.

Vanquished Creatures
  An adder (D:3)
  A worm (D:2)
  A dart slug (D:3)
  7 orcs
  4 endoplasms
  6 giant cockroaches
  3 hobgoblins
  3 jackals (D:3)
  2 quokkas (D:1)
  7 ball pythons
  5 bats
  3 frilled lizards
  5 goblins
  A kobold (D:3)
  5 rats
54 creatures vanquished.

Notes
Turn   | Place    | Note
-------+----------+-------------------------------------------
     0 | D:1      | cforsyth the Human Fighter began the quest for the Orb.
     0 | D:1      | Reached XP level 1. HP: 18/18 MP: 1/1
    82 | D:1      | Reached XP level 2. HP: 24/24 MP: 2/2
   451 | D:1      | Reached XP level 3. HP: 23/29 MP: 3/3
   781 | D:2      | Found an ornate altar of the Wu Jian Council.
  1588 | D:3      | Reached XP level 4. HP: 35/35 MP: 4/4
  2383 | D:3      | Noticed Terence
  2383 | D:3      | Noticed Grinder
  2398 | D:3      | Slain by Terence

Illustrated notes

Levels and vault maps discovered:
D:1:      amcnicky_arrival_flooded_fountain, layout_loops_cross,
          minmay_surrounded
D:2:      layout_basic, basic_altar
D:3:      layout_basic, nicolae_kite_square_tiling_tiny, uniq_terence,
          uniq_grinder

Action                     |  1- 3 |  4- 6 || total
---------------------------+-------+-------++-------
  Melee: Flail             |    88 |    54 ||   142
    Use: Scroll            |       |     2 ||     2
 Armour: Scale mail        |    45 |    33 ||    78
  Dodge: Dodged            |    42 |    39 ||    81
  Block: Buckler           |    22 |    26 ||    48

Table legend: (Time is in decaauts)
 A = Elapsed time spent in this place.
 B = Non-inter-level travel time spent in this place.
 C = Inter-level travel time spent in this place.
 D = Time resting spent in this place.
 E = Time spent auto-exploring this place.
 F = Levels seen in this place.
 G = Mean time per level.
                   A        B        C        D        E       F      G
               +--------+--------+--------+--------+--------+-----+--------+
         Total |   2444 |   2395 |     49 |    132 |   1846 |   3 |  814.7 |
       Dungeon |   2444 |   2395 |     49 |    132 |   1846 |   3 |  814.7 |
               +--------+--------+--------+--------+--------+-----+--------+

Top non-repeatable levels by time:
     D:2: 949 daAuts
     D:1: 764 daAuts
     D:3: 730 daAuts
